Map: Oxide LE

Players

SortOf

  • Race: Zerg Zerg
  • League: Master
  • Spawn Location: 1:00

GOStephano (Stephano) - Winner!

  • Race: Zerg Zerg
  • League: Master
  • Spawn Location: 7:00

Event: DreamHack SC2 Masters 2020 Winter

VOD

Have the link to the VOD?

Description

Time

  • Played on: Oct. 14, 2020, 1:59 p.m.
  • Length: 6:34

All games in this series

Show
View Real Time Build Order
Export as new Build Order

SortOf Zerg 

Build Orders: Pool Only 

Get SALT Encoding   

  12  0:17  Spawning Pool  
  11  0:22  Drone  
  11  0:27  Drone  
  13  0:31  Drone  
  14  0:40  Overlord  
  14  1:04  Zergling x4  
  16  1:05  Zergling x2  
  17  1:15  Zergling x2  
  18  1:26  Zergling x2  
  19  1:38  Zergling x2  
  20  1:55  Spine Crawler x2  
  20  1:56  Spine Crawler  
  17  2:15  Zergling x2  
  18  2:33  Zergling x2  
  19  2:42  Zergling x2  
  12  3:02  Zergling x2  
  13  3:13  Zergling x2  
  14  3:28  Zergling x2  
  15  3:46  Zergling x2  
  16  4:05  Zergling x2  
  12  4:17  Zergling x2  
  11  4:36  Zergling x2  
  11  4:48  Zergling x2  
  11  5:09  Zergling x2  
  10  5:22  Zergling x2  
  11  5:45  Zergling x2  
  10  5:55  Zergling x2  
Show
View Real Time Build Order
Export as new Build Order

GOStephano Zerg - Winner!

Build Orders: Hatch First 

Get SALT Encoding   

  12  0:00  Drone  
  13  0:12  Overlord  
  13  0:16  Drone  
  14  0:30  Drone x2  
  16  0:47  Hatchery  
  15  0:50  Drone  
  15  0:54  Drone  
  17  0:57  Drone  
  18  1:07  Extractor  
  17  1:12  Spawning Pool  
  17  1:15  Drone  
  17  1:19  Drone  
  18  1:27  Drone  
  19  1:59  Spore Crawler  
  19  2:00  Spine Crawler  
  19  2:01  Zergling x8  
  22  2:14  Zergling x4  
  25  2:29  Spine Crawler  
  24  2:30  Queen  
  24  2:39  Zergling x8  
  21  3:02  Zergling x4  
  22  3:24  Drone  
  22  3:34  Drone  
  20  3:48  Drone  
  20  3:49  Drone x2  
  21  3:58  Drone  
  21  3:59  Drone  
  21  4:16  Drone  
  18  4:20  Drone  
  17  4:32  Drone  
  17  4:37  Drone  
  18  4:51  Drone  
  18  5:16  Drone x3  
  21  5:40  Spawning Pool  
  20  5:49  Drone x3  
  23  5:56  Drone  
  24  5:59  Drone  
  24  6:03  Drone  
Tags
 
Add a new tag
Caveats
  • Supply blocks, unpowered buildings, or Contaminate may cause inaccurate times.
  • Supply counts are checked every 10 seconds.